 Dungeon Crawl Stone Soup version 0.31-a0-640-g39d97e502b (webtiles) character file.

Game seed: 13341676388941327048

1953072 bigduke15 the Petrodigitator (level 27, 283/283 HPs)
             Began as a Gargoyle Earth Elementalist on Apr 17, 2023.
             Was the Champion of Vehumet.
             Escaped with the Orb
             ... and 4 runes on Aug 28, 2023!
             The game lasted 11:02:31 (101755 turns).

bigduke15 the Petrodigitator (GrEE)               Turns: 101755, Time: 11:02:32

Health: 283/283    AC: 33    Str: 15    XL:     27
Magic:  58/58      EV: 12    Int: 33    God:    Vehumet [******]
Gold:   5267       SH:  0    Dex: 13    Spells: 0/70 levels left

rFire   + + +        M - staff of earth
rCold   + + +        (no shield)
rNeg    + + .        i - +2 robe {rC+ rF+}
rPois   ∞            l - -2 hat of the Alchemist {rElec rPois rF+ rC+ rN+ Will+ rMut rCorr}
rElec   +            e - +4 dragonskin cloak
rCorr   +            W - +0 pair of gloves of Vampiric Thralls {rC+ Str+3 Stlth+}
SInv    .            X - +2 pair of boots {rampage}
Will    ++++.        k - amulet of Vitality {RegenMP++ Regen++} Stlth
                     r - ring of magical power
HPRegen 2.27/turn    o - ring "Deothrare" {rF++ rC+ Dex+4}
MPRegen 1.16/turn

%: resist mutation, rampage
@: brilliant, berserking, about to teleport, resistant, enlightened, flying,
studying Stealth, invisible, very quick
A: sickness immunity, AC +20, big wings, negative energy resistance 1,
electricity resistance, torment resistance 1, petrification resistance, horns 1,
iridescent scales 1, clever 1, inability to drink after injury 1
0: Orb of Zot
}: 4/15 runes: serpentine, barnacled, slimy, silver
a: Renounce Religion


You escaped.
You worshipped Vehumet.
Vehumet was exalted by your worship.
You visited 11 branches of the dungeon, and saw 53 of its levels.
You visited the Abyss 4 times.
You visited 1 bazaar.
You also visited: Wizlab.

You collected 7495 gold pieces.
You spent 2228 gold pieces at shops.

Inventory:

Missiles
 p - 63 poisoned darts
 V - 2 curare-tipped darts
Armour
 c - a +2 hat of see invisible
 e - the +4 dragonskin cloak (worn)
   (You took it off Tiamat on level 1 of the Realm of Zot)

   Avatar's Aegis: It grants the wearer a chance to resist fire, cold, poison,
   electricity, acid, and negative energy.
 i - a +2 robe of resistance (worn)
 l - the -2 hat of the Alchemist (worn) {rElec rPois rF+ rC+ rN+ Will+ rMut rCorr}
   (You found it in a wizard's laboratory)

   rF+:       It protects you from fire.
   rC+:       It protects you from cold.
   rElec:     It insulates you from electricity.
   rPois:     It protects you from poison rN+: It protects you from negative
   energy.
   Will+:     It increases your willpower.
   rCorr:     It protects you from acid and corrosion.
   rMut:      It protects you from mutation.
 W - the +0 pair of gloves of Vampiric Thralls (worn) {rC+ Str+3 Stlth+}
   (You bought it in a shop on level 2 of the Orcish Mines)

   Str+3:     It affects your strength (+3).
   rC+:       It protects you from cold.
   Stlth+:    It makes you more stealthy.
 X - a +2 pair of boots of rampaging (worn)
Magical Staves
 M - a staff of earth (weapon)
Jewellery
 a - the ring of Yleow {Ice rPois}
   (You took it off Josephina on level 1 of the Realm of Zot)

   [ring of ice]

   Ice:       It enhances your ice magic.
   rF-:       It makes you vulnerable to fire.
   rC+:       It protects you from cold.
   rPois:     It protects you from poison
 k - the amulet of Vitality (around neck) {RegenMP++ Regen++}
   (You found it on level 5 of the Vaults)

   [amulet of magic regeneration]

   RegenMP:   It increases your rate of magic regeneration.
   Regen++:   It increases your rate of health regeneration.
 m - a +4 ring of protection
 o - the ring "Deothrare" (right hand) {rF++ rC+ Dex+4}
   (You acquired it on level 3 of the Depths)

   [ring of protection from cold]

   Dex+4:     It affects your dexterity (+4).
   rF++:      It greatly protects you from fire.
   rC+:       It protects you from cold.
 r - a ring of magical power (left hand)
 s - a ring of protection from fire
 x - a ring of see invisible
 B - a +4 ring of protection
 D - the ring "Xili" {rPois rF+++ rCorr Dex-4 Slay-5}
   (You found it on level 1 of the Crypt)

   [ring of resist corrosion]

   Dex-4:     It affects your dexterity (-4).
   Slay-5:    It affects your accuracy & damage with ranged weapons and melee
   (-5).
   rF+++:     It renders you almost immune to fire.
   rPois:     It protects you from poison rCorr: It protects you from acid and
   corrosion.
 E - an amulet of magic regeneration
 Q - a ring of willpower
 Z - a ring of wizardry
Wands
 d - a wand of iceblast (13)
 n - a wand of light (7)
 v - a wand of flame (74)
 z - a wand of digging (15)
 I - a wand of mindburst (22)
 O - a wand of paralysis (27)
 Y - a wand of polymorph (23)
Scrolls
 f - 19 scrolls of teleportation
 q - 13 scrolls of fog
 w - 4 scrolls of noise
 y - 19 scrolls of poison
 A - 3 scrolls of amnesia
 C - 5 scrolls of fear
 H - 3 scrolls of enchant armour
 N - 6 scrolls of revelation
 R - a scroll of brand weapon
 U - a scroll of butterflies
Potions
 b - a potion of magic
 g - 23 potions of mutation
 h - 2 potions of heal wounds
 t - 26 potions of curing
 F - 6 potions of cancellation
 G - 9 potions of attraction
 J - 12 potions of ambrosia
 S - 3 potions of resistance
 T - a potion of invisibility


   Skills:
 - Level 23.9 Fighting
 - Level 1.6 Dodging
 - Level 2.3 Stealth
 - Level 22.1 Spellcasting
 - Level 25.7 Conjurations
 - Level 8.4 Translocations
 - Level 4.2 Transmutations
 * Level 12.0 Fire Magic
 - Level 24.0 Ice Magic
 O Level 27 Earth Magic
 - Level 3.3 Evocations
 - Level 3.9 Shapeshifting


You couldn't memorise any spells.
You knew the following spells:

 Your Spells              Type           Power      Damage    Failure   Level
a - Starburst             Conj/Fire      63%        6d17      1%          6
b - Fireball              Conj/Fire      63%        3d24      0%          5
c - Freezing Cloud        Conj/Ice/Air   60%        6-21      1%          5
d - Iskenderun's Battles  Conj           100%       2d15      0%          5
e - Lee's Rapid Deconstr  Erth           85%        3d38*     0%          5
f - Leda's Unmaking       Conj/Erth      84%        9d13      0%          6
g - Irradiate             Conj/Tmut      58%        3d31      1%          5
h - Ozocubu's Refrigerat  Ice            69%        4d22      1%          7
i - Shatter               Erth           85%        3d61*     1%          9
j - Blink                 Tloc           100%       N/A       1%          2
k - Polar Vortex          Ice            69%        12d9*     1%          9
l - Plasma Beam           Fire/Air       42%        2x1d56    3%          6

Your spell library contained the following spells:

 Spells                   Type           Power      Damage    Failure   Level
 Foxfire                  Conj/Fire      100%       2x1d9     0%          1
 Kiss of Death            Conj/Necr      100%       2d13      0%          1
 Magic Dart               Conj           100%       1d8       0%          1
 Sandblast                Erth           100%       2d20      0%          1
 Shock                    Conj/Air       100%       1d9       0%          1
 Ensorcelled Hibernation  Hex/Ice        100%       N/A       0%          2
 Momentum Strike          Conj/Tloc      100%       3d10      0%          2
 Passwall                 Tmut/Erth      100%       N/A       0%          2
 Scorch                   Fire           100%       2d9       0%          2
 Searing Ray              Conj           100%       2d8       0%          2
 Static Discharge         Conj/Air       100%       2-7/arc   0%          2
 Frozen Ramparts          Ice            100%       1d16      0%          3
 Ozocubu's Armour         Ice            100%       N/A       0%          3
 Stone Arrow              Conj/Erth      100%       3d13      0%          3
 Iskenderun's Mystic Bla  Conj/Tloc      100%       2d19      0%          4
 Petrify                  Tmut/Erth      100%       N/A       0%          4
 Orb of Destruction       Conj           71%        9d16      0%          7
 Apportation              Tloc           100%       N/A       1%          1
 Necrotise                Necr           100%       1d9       1%          1
 Call Imp                 Summ           100%       N/A       1%          2
 Lesser Beckoning         Tloc           100%       N/A       1%          2
 Poisonous Vapours        Pois/Air       100%       N/A       1%          2
 Wereblood                Tmut           77%        N/A       1%          2
 Gell's Gravitas          Tloc           95%        N/A       1%          3
 Ignite Poison            Fire/Tmut/Pois 83%        N/A       1%          3
 Mephitic Cloud           Conj/Pois/Air  96%        N/A       1%          3
 Teleport Other           Tloc           95%        N/A       1%          3
 Volatile Blastmotes      Fire/Tloc      100%       2d18      1%          3
 Animate Armour           Summ/Erth      100%       N/A       1%          4
 Fulminant Prism          Conj/Hex       55%        3d25      1%          4
 Manifold Assault         Tloc           95%        N/A       1%          4
 Passage of Golubria      Tloc           95%        N/A       1%          4
 Summon Ice Beast         Ice/Summ       100%       N/A       1%          4
 Vhi's Electric Charge    Tloc/Air       100%       N/A       1%          4
 Arcjolt                  Conj/Air       55%        1d65      1%          5
 Borgnjor's Vile Clutch   Necr/Erth      68%        N/A       1%          5
 Metabolic Englaciation   Hex/Ice        54%        N/A       1%          5
 Simulacrum               Ice/Necr       54%        N/A       1%          6
 Spellforged Servitor     Conj/Summ      55%        N/A       1%          7
 Lehudib's Crystal Spear  Conj/Erth      84%        10d19     1%          8
 Summon Guardian Golem    Hex/Summ       53%        N/A       2%          3
 Swiftness                Air            53%        N/A       2%          3
 Vampiric Draining        Necr           53%        2d9       2%          3
 Airstrike                Air            26%        2d(4-20)  2%          4
 Olgreb's Toxic Radiance  Pois           53%        N/A       2%          4
 Yara's Violent Unravell  Hex/Tmut       33%        3d14      2%          5
 Summon Forest            Summ/Tloc      38%        N/A       4%          5
 Anguish                  Hex/Necr       26%        N/A       9%          4
 Animate Dead             Necr           53%        N/A       9%          4
 Cause Fear               Hex            26%        N/A       9%          4
 Dispel Undead            Necr           53%        3d19      9%          4
 Summon Lightning Spire   Summ/Air       53%        N/A       9%          4
 Eringya's Noxious Bog    Tmut/Pois      33%        4d6       13%         6
 Agony                    Necr           53%        N/A       22%         5
 Summon Mana Viper        Hex/Summ       53%        N/A       22%         5
 Death Channel            Necr           26%        N/A       77%         6
 Summon Cactus Giant      Summ           26%        N/A       77%         6
 Enfeeble                 Hex            26%        N/A       100%        7
 Haunt                    Necr/Summ      26%        N/A       100%        7
 Summon Hydra             Summ           26%        N/A       100%        7
 Infestation              Necr           26%        N/A       100%        8
 Maxwell's Capacitive Co  Air            26%        ∞         100%        8
 Dragon's Call            Summ           26%        N/A       100%        9
 Cigotuvi's Dreadful Rot  Necr/Pois/Air  Unusable   N/A       N/A         2
 Sublimation of Blood     Necr           Unusable   N/A       N/A         2

Dungeon Overview and Level Annotations

Branches:
Dungeon (15/15)            Temple (1/1) D:7            Lair (5/5) D:9
 Shoals (4/4) Lair:2        Snake (4/4) Lair:2        Slime (5/5) Lair:4
    Orc (2/2) D:9             Elf (0/3) Orc:2        Vaults (5/5) D:14
  Crypt (3/3) Vaults:3       Tomb (0/3) Crypt:3      Depths (4/4) D:15
    Zot (5/5) Depths:4     WizLab (visited)

Altars:
Ashenzari
Cheibriados
Dithmenos
Elyvilon
Fedhas
Gozag
Hepliaklqana
Kikubaaqudgha
Makhleb
Nemelex Xobeh
Okawaru
Qazlal
Ru
Trog
Uskayaw
Vehumet
Wu Jian
Xom
The Shining One
Jiyva

Shops:
D:3 !   D:9 (   D:10 ?   Orc:2 =[[=   Snake:1 !?[!   Vaults:4 [   Depths:2 ::=

Portals:
Hell: Depths:1 Depths:2 Depths:3 Depths:4
Abyss: Depths:1 Depths:2 Depths:3
Pandemonium: Depths:2
Ziggurat: Depths:3

Annotations:
D:7 2 transporters
Lair:3 1 runed translucent door, Vacku Hude's ghost, journeyman HOFi
Snake:3 1 runed translucent door, Omirghalokh's ghost, adept DrCj
Crypt:3 exclusion: upstairs
Depths:2 6 runed translucent doors


Innate Abilities, Weirdness & Mutations

You are immune to sickness and miasma.
Your stone body is resilient. (AC +20)
You are immune to poison.
Your large and strong wings let you fly.
You resist negative energy. (rN+)
You are resistant to electric shocks. (rElec)
You are resistant to unholy torment.
You are immune to petrification.
You have a pair of small horns on your head.
You are partially covered in iridescent scales. (AC +2)
Your mind is acute. (Int +4, Str/Dex -1)
You occasionally lose the ability to drink potions when taking damage.


Message History

The entropic shot misses the large abomination.
Unknown command.
Casting: Leda's Unmaking (safe; 0% risk of failure)
Confirm with . or Enter, or press ? or * to list all spells.
Aiming: Leda's Unmaking (safe; 0% risk of failure)
Press: ? - help, Shift-Dir - straight line, f/p - large abomination
Aim: a large abomination (91% to hit)
You feel a surge of power!
The entropic shot hits the large abomination!!!
The large abomination is almost destroyed.
Casting: Leda's Unmaking (safe; 0% risk of failure)
Confirm with . or Enter, or press ? or * to list all spells.
Aiming: Leda's Unmaking (safe; 0% risk of failure)
Press: ? - help, Shift-Dir - straight line, f/p - large abomination
Aim: a large abomination (almost destroyed, 91% to hit)
You feel a surge of power!
The entropic shot hits the large abomination!!!
The large abomination dissolves into mud!
You destroy the large abomination!
Vehumet accepts your kill.
You feel your power returning.
Magic restored.
You see here a +0 dagger.
There is an open door here.
There is a staircase leading out of the dungeon here.
Okay, then.
You feel clever all of a sudden.
You fade into invisibility!
You feel more buoyant.
You fade further into invisibility.
Okay, then.
You feel protected.
Okay, then.
As you read the scroll of teleportation, it crumbles to dust.
You feel strangely unstable.
You feel the Orb delaying your translocation!
A red film seems to cover your vision as you go berserk!
You feel yourself moving faster!
You feel mighty!
You feel a strong urge to attack something.
You have escaped!

##### ##♣≈≈≈##
#..♣~≈≈#
###..♣♣♣######
#@......'....#####
###..♣♣♣####...)..
#>.♣~≈≈# #######
##♣~~≈## #####


There were no monsters in sight!

Vanquished Creatures
  the Royal Jelly (Slime:5)
  Tiamat (Zot:1)
  4 dread liches
  8 ancient liches
  3 orbs of fire
  A shard shrike (Zot:2)
  Frederick (Depths:4)
  A shard shrike (shapeshifter) (Depths:4)
  12 Killer Klowns
  Josephina (Zot:1)
  Vashnia (Snake:4)
  2 curse toes
  A caustic shrike (shapeshifter) (Vaults:5)
  9 golden dragons
  3 profane servitors
  11 bone dragons
  Jory (Vaults:4)
  A mutant beast (WizLab)
  A doom hound (Crypt:2)
  A Tzitzimitl (D:12)
  A shard shrike zombie (Crypt:3)
  5 electric golems
  2 Hell Sentinels
  6 liches
  21 tentacled monstrosities
  Jorgrun (Snake:3)
  27 Orb Guardians
  A walking earthen tome (Depths:2)
  A walking divine tome (Depths:3)
  25 acid blobs
  8 quicksilver dragons
  2 krakens
  4 titans (Vaults:5)
  An Executioner (Zot:1)
  10 sphinxes
  8 death cobs
  Polyphemus (Shoals:2)
  Kirke (Snake:1)
  6 ancient champions
  26 tentacled starspawn
  10 shadow dragons
  A thorn hunter (Abyss:3)
  7 tengu reavers
  13 storm dragons
  11 draconian monks
  9 azure jellies
  12 rockslimes
  7 frost giants
  2 demonspawn warmongers (Zot:1)
  6 draconian knights
  14 nagarajas
  6 revenants
  5 fire giants
  2 ghost moths (shapeshifter) (WizLab)
  7 draconian scorchers
  3 deep elf sorcerers
  An iron dragon (Vaults:5)
  19 vault wardens
  Aizul (Snake:3)
  7 balrugs
  4 draconian stormcallers
  Louise (Snake:3)
  4 ghouls
  7 draconian shifters
  7 draconian annihilators
  3 cacodemons
  2 spriggan defenders (Depths:2)
  6 ghost moths
  4 curse skulls
  5 reapers
  13 ironbound preservers
  59 very ugly things
  3 caustic shrike skeletons
  3 juggernaut skeletons (Crypt:3)
  13 stone giants
  17 quicksilver oozes
  A broodmother (shapeshifter) (Vaults:5)
  10 ironbound thunderhulks
  A lorocyproca (Abyss:2)
  A deep elf demonologist (Abyss:2)
  8 purple draconians
  17 white draconians
  Nessos (D:14)
  A starflower (Abyss:2)
  51 starcursed masses
  12 black draconians
  15 vampire knights
  2 spectral hellephants (Crypt:2)
  16 green draconians
  2 deep elf annihilators (Vaults:5)
  Azrael (Snake:1)
  14 yellow draconians
  7 dire elephants
  14 red draconians
  11 spark wasps
  7 eidola
  2 green deaths
  3 merfolk javelineers
  2 blizzard demons
  An entropy weaver (Vaults:3)
  15 ettins
  2 spectral elves (Crypt:2)
  2 crystal guardians (Vaults:4)
  2 deep elf death magi
  2 merfolk impalers
  8 jiangshi
  10 fire dragons
  3 deep elf high priests (Vaults:5)
  A peacekeeper (Vaults:4)
  37 vault guards
  5 rakshasas
  2 spriggan zombies
  16 great orbs of eyes
  A quicksilver dragon skeleton (Crypt:3)
  9 yaktaur captains
  Erolcha (D:11)
  11 ice dragons
  5 hydras
  A jorogumo (shapeshifter) (D:9)
  6 catoblepae
  15 ironbound frosthearts
  2 spriggan skeletons
  A hell beast (Depths:4)
  8 merfolk aquamancers
  2 ogre magi
  3 spriggan air magi
  4 salamander tyrants
  10 centaur warriors
  A satyr (Shoals:3)
  4 death knights
  2 alligator snapping turtles (Shoals:4)
  An anaconda (shapeshifter) (WizLab)
  4 merfolk avatars
  9 anacondas
  6 boulder beetles
  14 death yaks
  8 two-headed ogres
  3 deep troll shamans
  8 deep troll earth magi
  20 naga warriors
  5 tengu warriors
  3 orc high priests (Orc:2)
  5 hell hogs
  2 shock serpents
  14 hell knights
  9 vampire magi
  3 soul eaters
  24 thrashing horrors
  4 spriggans
  5 spriggan berserkers
  17 naga sharpshooters
  A deep elf knight (D:14)
  5 titan skeletons (Crypt:3)
  19 wretched stars
  Amaemon (Lair:3)
  3 spatial maelstroms
  14 sun demons
  8 iron trolls
  5 skysharks
  3 shadow wraiths
  11 sixfirhies
  A spark wasp zombie (Depths:2)
  16 sea snakes
  Nergalle (D:11)
  7 salamander mystics
  46 deep trolls
  2 anaconda zombies (Crypt:1)
  30 skeletal warriors
  A golden dragon zombie (Crypt:2)
  5 shadow demons
  9 flayed ghosts
  A glowing orange brain (shapeshifter) (WizLab)
  3 bog bodies (Crypt:2)
  A spriggan simulacrum (Crypt:1)
  An obsidian statue (Zot:5)
  3 glowing orange brains
  16 phantasmal warriors
  A bunyip skeleton (Crypt:2)
  8 naga ritualists
  An anaconda skeleton (Crypt:3)
  7 wizards
  3 deep elf zephyrmancers (D:14)
  18 ironbound convokers
  3 tengu zombies
  56 ugly things
  4 deep elf pyromancers
  12 necromancers
  5 lindwurms
  A shadow dragon zombie (Crypt:2)
  11 mana vipers
  28 harpies
  16 cyclopes
  A manticore (shapeshifter) (D:11)
  A harpy (shapeshifter) (Abyss:2)
  A stone giant zombie (Abyss:2)
  16 manticores
  10 fauns
  5 shining eyes
  An iron dragon skeleton (Crypt:3)
  4 orc knights (Orc:2)
  A moth of wrath (shapeshifter) (WizLab)
  3 orc sorcerers (Orc:2)
  24 salamanders
  A jorogumo skeleton (Crypt:1)
  3 will-o-the-wisps
  A shadow dragon skeleton (Crypt:3)
  2 cyclopes (shapeshifter) (WizLab)
  11 worldbinders
  2 elephants (shapeshifter) (WizLab)
  Maurice (D:11)
  10 guardian serpents
  34 moths of wrath
  2 salamanders (shapeshifter)
  A toenail golem (Abyss:2)
  A frost giant skeleton (Depths:2)
  7 water nymphs
  A dire elephant zombie (Crypt:1)
  2 eyes of devastation
  13 elephants
  21 vault sentinels
  A titan simulacrum (Crypt:1)
  4 apocalypse crabs
  5 merfolk sirens
  2 demonic crawlers
  A rust devil (Abyss:2)
  A naga skeleton (Crypt:3)
  40 black mambas
  2 naga zombies (Abyss:2)
  13 naga magi
  3 orange demons
  17 smoke demons
  A minotaur zombie (Crypt:2)
  A storm dragon simulacrum (Zot:1)
  7 cane toads
  A cane toad (shapeshifter) (D:13)
  A molten gargoyle (Depths:2)
  An unseen horror (shapeshifter) (WizLab)
  A redback zombie (Crypt:1)
  A torpor snail (Lair:4)
  An orb spider zombie (Crypt:1)
  Maggie (D:10)
  5 hellions
  A centaur skeleton (Crypt:3)
  A komodo dragon (shapeshifter) (WizLab)
  An elf zombie (Vaults:3)
  2 dire elephant skeletons
  8 unseen horrors
  4 rime drakes
  7 efreet
  19 yaktaurs
  8 freezing wraiths
  A yaktaur zombie (Vaults:4)
  6 tormentors
  2 elves (WizLab)
  An ice devil (Zot:5)
  26 ancient zymes
  6 komodo dragons
  A minotaur skeleton (Crypt:2)
  2 red devils
  An iron giant simulacrum (Abyss:2)
  A hydra zombie (Abyss:2)
  A red draconian skeleton (Crypt:3)
  6 tengu conjurers
  5 trolls
  A harpy zombie (Crypt:1)
  7 hellwings
  A meliai (shapeshifter) (Depths:2)
  A sea snake skeleton (Crypt:1)
  7 polar bears
  3 blink frogs (Lair:2)
  3 tarantellas (shapeshifter)
  2 queen bees
  23 merfolk
  An ice dragon zombie (Abyss:2)
  3 polar bears (shapeshifter) (WizLab)
  4 harpy skeletons
  14 human skeletons
  69 large abominations
  6 hornets
  A satyr zombie (Crypt:2)
  4 wind drakes
  An iron dragon simulacrum (Vaults:4)
  2 fire dragon zombies
  17 raiju
  A hornet (shapeshifter) (WizLab)
  An ettin zombie (Vaults:4)
  7 snapping turtles
  7 dream sheep
  A stone giant simulacrum (Vaults:4)
  2 snapping turtles (shapeshifter)
  A blink frog (shapeshifter) (WizLab)
  A jumping spider (shapeshifter) (WizLab)
  5 flying skulls
  2 culicivoras (Vaults:3)
  12 wraiths
  15 ynoxinuls
  168 slime creatures
  A spriggan (shapeshifter) (WizLab)
  7 wyverns
  3 fire elementals (Snake:2)
  2 shadows
  11 yaks
  2 yaks (shapeshifter) (WizLab)
  An ettin skeleton (Crypt:3)
  A fire dragon skeleton (Crypt:3)
  5 fire bats
  16 water elementals
  6 vampires
  3 hogs (Snake:1)
  A golden eye (shapeshifter) (WizLab)
  15 golden eyes
  6 basilisks
  3 humans (WizLab)
  An iron golem (WizLab)
  A redback (Vaults:3)
  A black mamba skeleton (Crypt:3)
  A white draconian simulacrum (Zot:1)
  A steam dragon (D:7)
  8 chaos spawn (Abyss:2)
  11 neqoxecs
  A warg (shapeshifter) (WizLab)
  4 vampire mosquitoes (D:13)
  A swamp worm (shapeshifter) (WizLab)
  A warg (Orc:2)
  2 acid dragons (D:11)
  17 water moccasins
  A deep troll zombie (Crypt:3)
  11 spatial vortices
  Menkaure (D:4)
  A merfolk zombie (Crypt:3)
  33 nagas
  3 moth of wrath simulacra (Zot:1)
  A two-headed ogre skeleton (Crypt:1)
  A fire bat skeleton (Crypt:2)
  10 hell hounds
  7 floating eyes
  19 orc warriors
  3 sky beasts
  2 black bears (D:9)
  A tengu (shapeshifter) (Abyss:2)
  An ice beast (Abyss:2)
  8 ogres
  2 boggarts
  11 centaurs
  21 wolves
  3 phantoms (D:9)
  2 swamp dragon skeletons
  A human zombie (Vaults:4)
  4 kobold brigands
  13 bullfrogs
  2 gnoll sergeants
  2 earth elementals
  A salamander skeleton (Crypt:1)
  A necrophage (Crypt:2)
  26 wights
  4 scorpions
  A glowing shapeshifter simulacrum (Depths:2)
  56 small abominations
  A human simulacrum (Vaults:1)
  3 troll zombies (D:9)
  56 killer bees
  6 howler monkeys
  A crimson imp (Abyss:3)
  14 quasits
  4 jellies
  6 hounds
  A gnoll bouda (D:5)
  13 orc priests
  10 iron imps
  2 sleepcaps
  25 orc wizards
  4 iguanas
  6 ogre zombies
  3 gnolls (D:9)
  6 adders
  A shadow imp (D:7)
  8 white imps
  6 ufetubi
  An adder zombie (Crypt:2)
  An iguana skeleton (Crypt:1)
  2 worms
  A dart slug (D:5)
  64 orcs
  4 endoplasms
  2 giant cockroaches
  9 goblins
  A hobgoblin (D:4)
  14 kobolds
  3 quokkas
  5 ball pythons
  4 bats
  4 frilled lizards (D:1)
  3 goblin skeletons (D:9)
  2 goblin zombies (D:9)
  A hobgoblin skeleton (D:9)
  2 hobgoblin zombies (D:9)
  An orc skeleton (D:9)
  17 orc zombies
  6 rats
  A butterfly (Lair:2)
  7 lurking horrors
  11 starspawn tentacles
  6 tentacles
2984 creatures vanquished.

Vanquished Creatures (others)
  A spriggan berserker (Depths:2)
  A black mamba (Snake:2)
  A dire elephant simulacrum (Abyss:2)
  27 starspawn tentacles
  14 tentacles
44 creatures vanquished.

Grand Total: 3028 creatures vanquished

Notes
Turn   | Place    | Note
-------+----------+-------------------------------------------
     0 | D:1      | bigduke15 the Gargoyle Earth Elementalist began the quest
                  | for the Orb.
     0 | D:1      | Reached XP level 1. HP: 10/10 MP: 3/3
   269 | D:1      | Reached skill level 1 in Transmutations
   285 | D:1      | Reached XP level 2. HP: 15/15 MP: 1/5
   419 | D:1      | Got the Parchment of Ruinous Conflagration
   724 | D:1      | Reached skill level 4 in Earth Magic
   998 | D:2      | Reached XP level 3. HP: 19/19 MP: 4/6
  1115 | D:2      | Learned a level 3 spell: Stone Arrow
  1118 | D:2      | Learned a level 2 spell: Passwall
  1803 | D:2      | Reached skill level 1 in Conjurations
  1803 | D:2      | Reached XP level 4. HP: 24/24 MP: 5/7
  2218 | D:3      | Found a faded altar of an unknown god.
  2464 | D:3      | Reached XP level 5. HP: 28/28 MP: 6/9
  2742 | D:3      | Found Wetiryvo's Distillery.
  3003 | D:4      | Noticed Menkaure
  3008 | D:4      | Killed Menkaure
  3009 | D:4      | Reached skill level 5 in Earth Magic
  3009 | D:4      | Reached XP level 6. HP: 32/32 MP: 5/11
  3497 | D:4      | Reached XP level 7. HP: 36/36 MP: 7/12
  3904 | D:5      | Entered Level 5 of the Dungeon
  4161 | D:5      | Noticed a hornet
  4169 | D:5      | Killed a hornet
  4170 | D:5      | Reached skill level 6 in Earth Magic
  4602 | D:5      | Reached XP level 8. HP: 41/41 MP: 10/14
  4871 | D:6      | Reached skill level 5 in Conjurations
  4871 | D:6      | Reached skill level 7 in Earth Magic
  4872 | D:6      | Reached skill level 5 in Spellcasting
  5001 | D:6      | Found a sparkling altar of Nemelex Xobeh.
  5745 | D:7      | Reached skill level 1 in Fighting
  5745 | D:7      | Reached XP level 9. HP: 47/47 MP: 13/17
  5773 | D:7      | Found a transporter.
  5774 | D:7      | Noticed a kobold demonologist
  5777 | D:7      | Noticed a kobold demonologist
  5911 | D:7      | Reached skill level 8 in Earth Magic
  6281 | D:7      | Found a staircase to the Ecumenical Temple.
  6419 | D:7      | Found a transporter.
  6854 | D:8      | Noticed a cyclops
  6859 | D:8      | Killed a cyclops
  6926 | D:8      | You fall into a shaft and drop 2 floors!
  6926 | D:10     | Entered Level 10 of the Dungeon
  7125 | Temple   | Entered the Ecumenical Temple
  7166 | Temple   | Became a worshipper of Vehumet
  7770 | D:8      | Reached skill level 9 in Earth Magic
  7955 | D:9      | Noticed a centaur warrior
  8150 | D:9      | HP: 2/52 [centaur warrior/arrow (15)]
  8154 | D:9      | Killed a centaur warrior
  8155 | D:9      | Reached skill level 5 in Fighting
  8155 | D:9      | Reached XP level 10. HP: 34/59 MP: 16/20
  8385 | D:9      | Reached * piety under Vehumet
  8385 | D:9      | Offered knowledge of Freeze by Vehumet.
  8408 | D:9      | Found a staircase to the Orcish Mines.
  8997 | D:9      | Reached ** piety under Vehumet
  8997 | D:9      | Offered knowledge of Magic Dart by Vehumet.
  9025 | D:9      | Reached skill level 10 in Earth Magic
  9376 | D:9      | Got Ruhimn's Lessons on Shifting Gloom
  9478 | D:9      | Learned a level 5 spell: Iskenderun's Battlesphere
  9680 | D:9      | Offered knowledge of Searing Ray by Vehumet.
  9693 | D:9      | Found Welir's Antique Weapon Shop.
  9727 | D:9      | Found a staircase to the Lair.
  9732 | D:9      | Reached XP level 11. HP: 56/66 MP: 22/22
  9868 | D:9      | Reached *** piety under Vehumet
  9999 | D:9      | Noticed a two-headed ogre
 10094 | D:9      | Noticed a catoblepas
 10121 | D:9      | Noticed a bunyip
 10325 | D:9      | Noticed a jorogumo
 10330 | D:9      | Killed a jorogumo
 10331 | D:9      | Reached skill level 11 in Earth Magic
 10388 | D:9      | Noticed a two-headed ogre
 10417 | D:9      | Killed a two-headed ogre
 10420 | D:9      | Killed a catoblepas
 10620 | D:9      | Killed a two-headed ogre
 10620 | D:9      | Offered knowledge of Volatile Blastmotes by Vehumet.
 10857 | D:9      | Identified the amulet of Kucu Keylio {Faith rF+ Will+
                  | rCorr}
 11159 | D:10     | Noticed Maggie
 11162 | D:10     | Killed Maggie
 11284 | D:10     | Found Jeifog's Magic Scroll Shop.
 11290 | D:10     | Bought a scroll of blinking for 112 gold pieces
 11385 | D:10     | Reached skill level 10 in Conjurations
 11834 | D:10     | Noticed a two-headed ogre
 11841 | D:10     | Killed a two-headed ogre
 12088 | Lair:1   | Entered Level 1 of the Lair of Beasts
 12251 | Lair:1   | Reached XP level 12. HP: 75/75 MP: 25/25
 12264 | Lair:1   | Reached skill level 12 in Earth Magic
 12576 | Lair:1   | Reached **** piety under Vehumet
 13027 | Lair:2   | Found a staircase to the Snake Pit.
 13045 | Lair:2   | Offered knowledge of Lee's Rapid Deconstruction by Vehumet.
 13052 | Lair:2   | Learned a level 5 spell: Lee's Rapid Deconstruction
 13557 | Lair:2   | Found a staircase to the Shoals.
 14361 | Lair:3   | Noticed Amaemon
 14691 | Lair:3   | Found a runed translucent door.
 14692 | Lair:3   | Noticed Vacku Hude's ghost (journeyman HOFi)
 15130 | Lair:3   | Killed Amaemon
 15915 | Lair:4   | Noticed a catoblepas
 15921 | Lair:4   | Killed a catoblepas
 16112 | Lair:4   | Noticed a death yak
 16118 | Lair:4   | Killed a death yak
 16119 | Lair:4   | Reached skill level 10 in Spellcasting
 16119 | Lair:4   | Reached skill level 13 in Earth Magic
 16194 | Lair:4   | Reached skill level 10 in Fighting
 16572 | Lair:4   | Found a viscous altar of Jiyva.
 16572 | Lair:4   | Found a staircase to the Slime Pits.
 16578 | Lair:4   | Noticed a death yak
 16588 | Lair:4   | Reached XP level 13. HP: 82/82 MP: 27/27
 16720 | Lair:4   | Reached ***** piety under Vehumet
 16728 | Lair:4   | Offered knowledge of Iron Shot by Vehumet.
 16736 | Lair:4   | Learned a level 6 spell: Iron Shot
 17074 | Lair:4   | Identified the +0 scale mail of the Yeti {+Inv rF+ Int+3}
 17479 | Lair:4   | Upgraded the game from 0.30-a0-1085-g990a428a5c to
                  | 0.30-a0-1094-g860fb061e7
 17598 | Lair:5   | Entered Level 5 of the Lair of Beasts
 17843 | Lair:5   | Reached skill level 14 in Earth Magic
 17949 | Lair:5   | Upgraded the game from 0.30-a0-1094-g860fb061e7 to
                  | 0.30-a0-1103-g25895a7845
 19672 | Lair:5   | Gained mutation: Your large and strong wings let you fly.
                  | [Gargoyle growth]
 19672 | Lair:5   | Reached XP level 14. HP: 91/91 MP: 21/29
 19791 | Lair:5   | Found the +13 scythe of Curses {drain, curses, Drain}
 20461 | Lair:5   | Upgraded the game from 0.30-a0-1103-g25895a7845 to
                  | 0.30-a0-1112-gfb780f5df6
 20461 | Lair:5   | Upgraded the game from 0.30-a0-1112-gfb780f5df6 to
                  | 0.30-a0-1114-gd936c97349
 20678 | D:11     | Noticed Erolcha
 20682 | D:11     | Killed Erolcha
 20683 | D:11     | Reached skill level 15 in Earth Magic
 21009 | D:11     | Noticed Nergalle
 21013 | D:11     | Killed Nergalle
 21916 | D:11     | Noticed Maurice
 21918 | D:11     | Killed Maurice
 22758 | D:11     | Offered knowledge of Irradiate by Vehumet.
 22765 | D:11     | Learned a level 5 spell: Irradiate
 22833 | D:11     | Found a blossoming altar of Fedhas.
 23800 | D:11     | Gained mutation: You are clumsy. (Dex -2) [mutagenic glow]
 25994 | D:13     | Found a frozen archway.
 26434 | D:13     | Reached XP level 15. HP: 98/98 MP: 11/31
 26922 | D:14     | Offered knowledge of Orb of Destruction by Vehumet.
 26933 | D:14     | Reached skill level 16 in Earth Magic
 28239 | D:14     | Noticed Nessos
 28243 | D:14     | Killed Nessos
 28982 | D:14     | Found a gate to the Vaults.
 29527 | D:15     | Entered Level 15 of the Dungeon
 30827 | D:15     | Reached skill level 15 in Conjurations
 31079 | D:15     | Offered knowledge of Ozocubu's Refrigeration by Vehumet.
 31230 | D:15     | Learned a level 7 spell: Ozocubu's Refrigeration
 31546 | D:15     | Reached skill level 1 in Ice Magic
 31713 | D:15     | Found a staircase to the Depths.
 31978 | Orc:1    | Entered Level 1 of the Orcish Mines
 32287 | Orc:2    | Entered Level 2 of the Orcish Mines
 32835 | Orc:2    | Found a staircase to the Elven Halls.
 33463 | Orc:1    | Gained mutation: You are dopey. (Int -2) [mutagenic glow]
 33575 | Orc:1    | Lost mutation: You are clumsy. (Dex -2) [potion of
                  | mutation]
 33575 | Orc:1    | Lost mutation: You are dopey. (Int -2) [potion of mutation]
 33575 | Orc:1    | Gained mutation: You passively map a small area around you.
                  | [potion of mutation]
 34954 | Orc:2    | Found Negoym's Antique Armour Shop.
 34954 | Orc:2    | Found Afeq's Jewellery Shoppe.
 34957 | Orc:2    | Found Seragiw's Jewellery Shop.
 34957 | Orc:2    | Found Baec's Armour Shoppe.
 34966 | Orc:2    | Bought an amulet of magic regeneration for 390 gold pieces
 35242 | Shoals:1 | Entered Level 1 of the Shoals
 35454 | Shoals:1 | Reached XP level 16. HP: 106/106 MP: 33/33
 35459 | Shoals:1 | Reached skill level 17 in Earth Magic
 36611 | Orc:2    | Bought a pair of transparent gloves for 304 gold pieces
 36611 | Orc:2    | Identified the +0 pair of gloves of Vampiric Thralls {rC+
                  | Str+3 Stlth+} (You bought it in a shop on level 2 of the
                  | Orcish Mines)
 36982 | Shoals:2 | Reached skill level 5 in Ice Magic
 37312 | Shoals:2 | Noticed a kraken
 38067 | Shoals:2 | Killed a kraken
 38196 | Shoals:2 | Noticed Polyphemus
 38605 | Shoals:2 | Killed Polyphemus
 39356 | Shoals:3 | Noticed a kraken
 39582 | Shoals:3 | Reached skill level 15 in Fighting
 40300 | Shoals:3 | Killed a kraken
 40301 | Shoals:3 | Reached XP level 17. HP: 75/113 MP: 11/34
 40542 | Shoals:4 | Entered Level 4 of the Shoals
 41222 | Shoals:4 | Reached skill level 18 in Earth Magic
 41455 | Shoals:4 | Offered knowledge of Conjure Ball Lightning by Vehumet.
 42716 | Shoals:4 | Identified the +5 ring mail "Ataunol" {Harm}
 42719 | Shoals:4 | Got a barnacled rune of Zot
 43245 | Snake:1  | Entered Level 1 of the Snake Pit
 43294 | Snake:1  | Found Sif Ruwo's Antique Armour Shoppe.
 43298 | Snake:1  | Found Qiech's Distillery.
 43298 | Snake:1  | Found Beic Leo's Distillery.
 43308 | Snake:1  | Found Iruda Ilorio's Magic Scroll Emporium.
 43311 | Snake:1  | Bought a potion of brilliance for 60 gold pieces
 43311 | Snake:1  | Bought a potion of heal wounds for 75 gold pieces
 43311 | Snake:1  | Bought a potion of heal wounds for 75 gold pieces
 43311 | Snake:1  | Bought a potion of curing for 45 gold pieces
 43314 | Snake:1  | Bought a scroll of blinking for 82 gold pieces
 43314 | Snake:1  | Bought a scroll of teleportation for 33 gold pieces
 43314 | Snake:1  | Bought a scroll of teleportation for 33 gold pieces
 43317 | Snake:1  | Bought 2 potions of haste for 300 gold pieces
 43317 | Snake:1  | Bought a potion of heal wounds for 75 gold pieces
 43317 | Snake:1  | Bought a potion of haste for 150 gold pieces
 43322 | Snake:1  | Bought an embroidered hat for 266 gold pieces
 43350 | Snake:1  | Identified the amulet of Morr {Faith MP+9}
 43540 | Snake:1  | Noticed Kirke
 43545 | Snake:1  | Killed Kirke
 43915 | Snake:1  | Identified the +2 ring mail "Kikichy" {Fly rElec rCorr}
 44365 | Snake:1  | Found Oczizxo's Armour Shoppe.
 44714 | Snake:2  | Noticed Azrael
 44719 | Snake:1  | Killed Azrael
 45324 | Snake:2  | Reached skill level 10 in Ice Magic
 46624 | Snake:3  | Reached XP level 18. HP: 119/119 MP: 8/36
 46804 | Snake:3  | Noticed Louise
 47318 | Abyss:2  | Cast into level 2 of the Abyss (Louise)
 47550 | Abyss:2  | Offered knowledge of Spellforged Servitor by Vehumet.
 47567 | Abyss:2  | Noticed a bone dragon
 47570 | Abyss:2  | Found a corrupted altar of Lugonu.
 47780 | Abyss:2  | Noticed a profane servitor
 47790 | Abyss:2  | Killed a profane servitor
 47849 | Abyss:2  | Found a corrupted altar of Lugonu.
 47888 | Abyss:2  | Upgraded the game from 0.30-a0-1114-gd936c97349 to
                  | 0.30-a0-1116-gebefce21f7
 47922 | Abyss:2  | Gained mutation: You are frail. (-10% HP) [a shining eye]
 48101 | Abyss:2  | Noticed a lich
 48161 | Snake:3  | Escaped the Abyss
 48238 | Snake:3  | Killed Louise
 48457 | Snake:3  | Reached skill level 19 in Earth Magic
 49305 | Snake:3  | Noticed Jorgrun
 49305 | Snake:3  | Noticed Aizul
 49549 | Snake:3  | Killed Aizul
 49550 | Snake:3  | Reached skill level 15 in Spellcasting
 49693 | Snake:3  | Killed Jorgrun
 49724 | Snake:3  | Found a runed translucent door.
 49724 | Snake:3  | Found a shimmering altar of Xom.
 49724 | Snake:3  | Noticed Omirghalokh's ghost (adept DrCj)
 50047 | Snake:4  | Entered Level 4 of the Snake Pit
 50076 | Snake:4  | Noticed Vashnia
 50342 | Snake:4  | Offered knowledge of Eringya's Noxious Bog by Vehumet.
 50708 | Snake:4  | Killed Vashnia
 50854 | Snake:4  | Reached XP level 19. HP: 102/111 MP: 35/38
 52698 | Snake:4  | Got a serpentine rune of Zot
 53220 | Snake:4  | Reached skill level 20 in Earth Magic
 53264 | Snake:4  | Reached ****** piety under Vehumet
 53264 | Snake:4  | Offered knowledge of Shatter by Vehumet.
 53264 | Snake:4  | Offered knowledge of Polar Vortex by Vehumet.
 53264 | Snake:4  | Offered knowledge of Maxwell's Capacitive Coupling by
                  | Vehumet.
 53297 | Snake:4  | Learned a level 9 spell: Shatter
 53713 | Vaults:1 | Entered Level 1 of the Vaults
 55544 | Vaults:1 | Reached XP level 20. HP: 117/117 MP: 39/39
 56412 | Vaults:2 | Identified the +2 broad axe of Offence {pain, rC+ Str-5
                  | Dex+2}
 57331 | Vaults:2 | Reached skill level 21 in Earth Magic
 59653 | Vaults:3 | Identified the +5 robe "Rotehetac" {Int+2 Slay+5}
 60173 | Vaults:3 | Found a staircase to the Crypt.
 60573 | Vaults:3 | Reached skill level 22 in Earth Magic
 60841 | Vaults:3 | Upgraded the game from 0.30-a0-1116-gebefce21f7 to
                  | 0.30-a0-1123-gabc949cf19
 60919 | Vaults:4 | Noticed an ancient lich
 60923 | Vaults:4 | Noticed Jory
 60929 | Vaults:4 | Reached XP level 21. HP: 107/124 MP: 33/41
 60929 | Vaults:4 | Killed an ancient lich
 60931 | Vaults:4 | Killed Jory
 61629 | Vaults:4 | Found Yniymih's Antique Armour Shop.
 61850 | Vaults:4 | Noticed an ancient lich
 61856 | Vaults:4 | Killed an ancient lich
 62143 | Vaults:4 | Reached skill level 23 in Earth Magic
 62548 | Vaults:4 | Got the Incunable of Polluted Space
 64003 | Depths:1 | Entered Level 1 of the Depths
 64019 | Depths:1 | Found a one-way gate to the infinite horrors of the Abyss.
 64981 | Depths:1 | Found a hide-covered altar of Uskayaw.
 65243 | Depths:1 | Reached XP level 22. HP: 131/131 MP: 43/43
 65325 | Depths:1 | Found a gateway to Hell.
 65584 | Depths:2 | Found a flickering gateway to a bazaar.
 65589 | Depths:2 | Paralysed by a floating eye for 2 turns
 65607 | Bazaar   | Entered a bazaar
 65657 | Bazaar   | Found Cenamim's Book Shoppe.
 65682 | Bazaar   | Found Hijin's Jewellery Emporium.
 65701 | Bazaar   | Found Wiuniat's Antique Weapon Emporium.
 65791 | Depths:2 | Found a one-way gate leading to the halls of Pandemonium.
 65928 | Depths:2 | Found Emoolau's Book Emporium.
 65930 | Depths:2 | Found Pirghaf's Jewellery Boutique.
 65931 | Depths:2 | Found Qajaoff's Book Emporium.
 66011 | Depths:2 | Found a magical portal.
 66016 | Depths:2 | Reached skill level 24 in Earth Magic
 66024 | WizLab   | Entered Cigotuvi's Fleshworks
 66580 | WizLab   | Got Beoghu's Incunabulum of the Switch
 66582 | WizLab   | Got Cigotuvi's Compilation of Vicissitude and the Mausoleum
 66586 | WizLab   | Got the Handbook of the Shapeshifter
 67192 | WizLab   | Found the -2 hat of the Alchemist {rElec rPois rF+ rC+ rN+
                  | Will+ rMut rCorr}
 68724 | Depths:2 | Found a runed translucent gate.
 68724 | Depths:2 | Found a runed translucent gate.
 68724 | Depths:2 | Found a runed translucent gate.
 68726 | Depths:2 | Identified the ring of Inaoq {Will++ EV+5 Str+2}
 68734 | Depths:2 | Noticed a golden dragon
 68879 | Depths:2 | Found a runed translucent gate.
 68880 | Depths:2 | Found a runed translucent gate.
 68880 | Depths:2 | Found a runed translucent gate.
 68977 | Depths:3 | Noticed a golden dragon
 69109 | Depths:2 | Upgraded the game from 0.30-a0-1123-gabc949cf19 to
                  | 0.30-a0-1124-g6e8f0f562f
 69452 | Depths:3 | Reached skill level 25 in Earth Magic
 69791 | Depths:3 | Found a white marble altar of Elyvilon.
 69888 | Depths:3 | Found a one-way gateway to a ziggurat.
 69943 | Depths:3 | Killed a golden dragon
 70019 | Depths:3 | Identified a scroll of acquirement
 70024 | Depths:3 | Identified the ring "Otaidd" {rPois rC+ Dex-4 Stlth+}
 70031 | Depths:3 | Reached XP level 23. HP: 122/137 MP: 33/44
 70178 | Depths:3 | Acquired the ring "Deothrare" {rF++ rC+ Dex+4}
 71203 | Depths:4 | Entered Level 4 of the Depths
 71494 | Depths:4 | Noticed Frederick
 71605 | Depths:4 | Identified the +8 war axe of Hekkinki {elec, Str+3}
 71840 | Depths:4 | Killed Frederick
 72127 | Depths:4 | an iron dragon changed into a juggernaut
 72127 | Depths:4 | Noticed a juggernaut (glowing shapeshifter)
 72129 | Depths:4 | a juggernaut changed into a shard shrike
 72129 | Depths:4 | Noticed a shard shrike (glowing shapeshifter)
 72133 | Depths:4 | Killed a shard shrike
 72427 | Depths:4 | Noticed a golden dragon
 72431 | Depths:4 | Killed a golden dragon
 72456 | Depths:4 | Found a gate to the Realm of Zot.
 72690 | Depths:4 | Reached skill level 26 in Earth Magic
 73084 | D:3      | Bought a potion of curing for 36 gold pieces
 73084 | D:3      | Bought a potion of heal wounds for 60 gold pieces
 73084 | D:3      | Bought a potion of heal wounds for 60 gold pieces
 73084 | D:3      | Bought a potion of curing for 36 gold pieces
 73084 | D:3      | Bought a potion of curing for 36 gold pieces
 73471 | Depths:4 | Noticed a golden dragon
 73709 | Depths:4 | Killed a golden dragon
 74920 | Vaults:4 | Learned a level 2 spell: Blink
 74921 | Vaults:5 | Entered Level 5 of the Vaults
 74926 | Vaults:5 | Noticed an ancient lich
 74928 | Vaults:5 | Killed an ancient lich
 74928 | Vaults:5 | Noticed a golden dragon
 74929 | Vaults:5 | Reached XP level 24. HP: 141/144 MP: 45/45
 75001 | Vaults:5 | Noticed a dread lich
 75003 | Vaults:5 | Killed a dread lich
 75297 | Vaults:5 | Reached skill level 27 in Earth Magic
 75303 | Vaults:5 | Noticed a dread lich
 75306 | Vaults:5 | Killed a dread lich
 75785 | Vaults:5 | Identified the +2 morningstar of the New World {freeze, rF+
                  | rN+ Str+5 Int+2}
 75931 | Vaults:5 | a shadow dragon changed into a caustic shrike
 75931 | Vaults:5 | Noticed a caustic shrike (glowing shapeshifter)
 75933 | Vaults:5 | Killed a caustic shrike
 76442 | Vaults:5 | Got a silver rune of Zot
 76626 | Vaults:5 | Found the amulet of Vitality {RegenMP++ Regen++}
 76658 | Vaults:5 | Identified the amulet "Qeod" {Acrobat rN+}
 76742 | Vaults:5 | Identified the +0 chain mail of Decompression {Harm rElec
                  | Str+6}
 77115 | Vaults:5 | Learned a level 9 spell: Polar Vortex
 77598 | Depths:1 | Voluntarily entered the Abyss.
 77893 | Abyss:2  | Found a corrupted altar of Lugonu.
 77955 | Abyss:2  | Found a corrupted altar of Lugonu.
 78374 | Abyss:2  | Found a corrupted altar of Lugonu.
 78449 | Abyss:2  | Reached XP level 25. HP: 152/152 MP: 46/46
 78604 | Abyss:2  | Found a transporter.
 78615 | Abyss:2  | Found a corrupted altar of Lugonu.
 78727 | Abyss:2  | Reached skill level 15 in Ice Magic
 78969 | Abyss:2  | Found a corrupted altar of Lugonu.
 79209 | Abyss:2  | Found a corrupted altar of Lugonu.
 79273 | Abyss:2  | Found a corrupted altar of Lugonu.
 79465 | Abyss:2  | Found a corrupted altar of Lugonu.
 79646 | Abyss:2  | Found a corrupted altar of Lugonu.
 79663 | Abyss:2  | Found a corrupted altar of Lugonu.
 79676 | Abyss:2  | Found a corrupted altar of Lugonu.
 79733 | Abyss:2  | Found a corrupted altar of Lugonu.
 79787 | Abyss:2  | Found a radiant altar of Vehumet.
 80053 | Abyss:2  | Found a corrupted altar of Lugonu.
 80457 | Abyss:2  | Noticed an ancient lich
 80461 | Abyss:2  | Killed an ancient lich
 80648 | Abyss:2  | Reached XP level 26. HP: 148/159 MP: 47/47
 80993 | Depths:1 | Escaped the Abyss
 81145 | Depths:1 | Voluntarily entered the Abyss.
 81357 | Abyss:3  | Found a corrupted altar of Lugonu.
 81451 | Abyss:3  | Found a corrupted altar of Lugonu.
 81670 | Depths:1 | Escaped the Abyss
 81963 | Zot:1    | Entered Level 1 of the Realm of Zot
 82138 | Zot:1    | Noticed an orb of fire
 82203 | Zot:1    | Gained mutation: You sometimes lose your temper in combat.
                  | [an orb of fire]
 82205 | Zot:1    | Gained mutation: Your body sometimes deteriorates upon
                  | taking damage. [an orb of fire]
 82207 | Zot:1    | Killed an orb of fire
 82306 | Zot:1    | Lost mutation: You sometimes lose your temper in combat.
                  | [potion of mutation]
 82306 | Zot:1    | Lost mutation: You passively map a small area around you.
                  | [potion of mutation]
 82306 | Zot:1    | Lost mutation: Your body sometimes deteriorates upon taking
                  | damage. [potion of mutation]
 82306 | Zot:1    | Gained mutation: You are partially covered in iridescent
                  | scales. (AC +2) [potion of mutation]
 82306 | Zot:1    | Gained mutation: Your mind is acute. (Int +4, Str/Dex -1)
                  | [potion of mutation]
 82306 | Zot:1    | Gained mutation: You have a pair of small horns on your
                  | head. [potion of mutation]
 82430 | Zot:1    | Identified the ring of Yleow {Ice rPois}
 82430 | Zot:1    | Noticed Josephina
 82434 | Zot:1    | Killed Josephina
 82834 | Zot:1    | Found the +4 dragonskin cloak
 82834 | Zot:1    | Noticed Tiamat
 83240 | Zot:1    | Reached XP level 27. HP: 165/165 MP: 39/47
 83259 | Depths:4 | Upgraded the game from 0.30-a0-1124-g6e8f0f562f to
                  | 0.30-a0-1157-g2cc9ac7196
 83360 | Depths:4 | Upgraded the game from 0.30-a0-1157-g2cc9ac7196 to
                  | 0.30-a0-1163-gf69bf04e7a
 83676 | Crypt:1  | Entered Level 1 of the Crypt
 83677 | Crypt:1  | Upgraded the game from 0.30-a0-1163-gf69bf04e7a to
                  | 0.31-a0-1-g4198be8af4
 83697 | Crypt:1  | Identified the ring "Xili" {rPois rF+++ rCorr Dex-4 Slay-5}
 83863 | Crypt:1  | Paralysed by a vampire knight for 3 turns
 85344 | Crypt:2  | Identified the +0 rapier "Bezxun" {vamp, rElec rCorr}
 85416 | Crypt:2  | Found an ancient bone altar of Kikubaaqudgha.
 85938 | Crypt:2  | Noticed an ancient lich
 85967 | Crypt:2  | Killed an ancient lich
 85999 | Crypt:2  | Identified the +0 robe of the Snail {Stlth+}
 86250 | Crypt:2  | Upgraded the game from 0.31-a0-1-g4198be8af4 to
                  | 0.31-a0-37-g98a128e1d9
 86289 | Crypt:3  | Entered Level 3 of the Crypt
 86825 | Crypt:3  | Found a staircase to the Tomb.
 87148 | Crypt:3  | Noticed an ancient lich
 87154 | Crypt:3  | Killed an ancient lich
 87256 | Crypt:3  | Got the Almanac of Stolen Souls
 88037 | Crypt:3  | Identified the +6 trident of the Turnip {protect, Contam
                  | rF+ Str+3}
 88756 | Zot:2    | Paralysed by a floating eye for 2 turns
 88758 | Zot:2    | Noticed a dread lich
 88803 | Zot:2    | Killed a dread lich
 88804 | Zot:2    | Noticed a dread lich
 88807 | Zot:2    | Killed a dread lich
 90051 | Zot:2    | Upgraded the game from 0.31-a0-37-g98a128e1d9 to
                  | 0.31-a0-237-g2d982f9f85
 90401 | Zot:2    | Upgraded the game from 0.31-a0-237-g2d982f9f85 to
                  | 0.31-a0-246-g8cbcc1cb85
 90401 | Zot:2    | Upgraded the game from 0.31-a0-246-g8cbcc1cb85 to
                  | 0.31-a0-538-gbc85326fa9
 90401 | Zot:2    | Upgraded the game from 0.31-a0-538-gbc85326fa9 to
                  | 0.31-a0-544-gceb718ecc6
 90402 | Zot:2    | Upgraded the game from 0.31-a0-544-gceb718ecc6 to
                  | 0.31-a0-640-g39d97e502b
 90578 | Zot:3    | Reached skill level 1 in Translocations
 91182 | Zot:3    | Identified the +8 great sword of Freezing Terror {venom,
                  | rN+ rCorr Dex+3}
 91911 | Zot:3    | Identified the ring "Wivuug" {rF+ Str+4 Slay+2 SInv}
 92035 | Zot:4    | Noticed an ancient lich
 92041 | Zot:4    | Killed an ancient lich
 93658 | Zot:5    | Entered Level 5 of the Realm of Zot
 93935 | Zot:5    | Reached skill level 5 in Translocations
 94440 | Zot:5    | Noticed an ancient lich
 94444 | Zot:5    | Killed an ancient lich
 94470 | Zot:5    | Noticed an orb of fire
 94472 | Zot:5    | Killed an orb of fire
 94659 | Zot:5    | Noticed an orb of fire
 94662 | Zot:5    | Lost mutation: You are frail. (-10% HP) [an orb of fire]
 94665 | Zot:5    | Killed an orb of fire
 95095 | Zot:5    | Reached skill level 1 in Evocations
 96193 | Zot:1    | Killed Tiamat
 96777 | Depths:1 | Voluntarily entered the Abyss.
 96908 | Depths:1 | Escaped the Abyss
 97316 | Slime:1  | Entered Level 1 of the Pits of Slime
 97379 | Slime:1  | Learned a level 6 spell: Starburst
 97385 | Slime:1  | Learned a level 5 spell: Fireball
 97391 | Slime:1  | Learned a level 5 spell: Freezing Cloud
 97490 | Slime:2  | Reached skill level 1 in Fire Magic
 97624 | Slime:1  | Reached skill level 5 in Fire Magic
 97845 | Slime:1  | Learned a level 6 spell: Plasma Beam
 99236 | Slime:5  | Entered Level 5 of the Pits of Slime
 99364 | Slime:5  | Gained mutation: You occasionally lose the ability to drink
                  | potions when taking damage. [a shining eye]
 99415 | Slime:5  | Noticed the Royal Jelly
 99570 | Slime:5  | Found a viscous altar of Jiyva.
 99673 | Slime:5  | Reached skill level 10 in Fire Magic
100059 | Slime:5  | Killed the Royal Jelly
100229 | Slime:5  | Identified the +11 orcbow "Siekusm" {heavy, Str+2}
100246 | Slime:5  | Identified the +1 robe "Liposhum" {Str+4}
100298 | Slime:5  | Identified the +1 robe of Aploigeg {-Cast rN+ Dex+2}
100301 | Slime:5  | Identified the +4 rapier of the Mind {venom, rElec Will-
                  | Int+4 Stlth+}
100302 | Slime:5  | Identified the ring "Roaxuroga" {rCorr MP+9 Str+4}
100306 | Slime:5  | Got a slimy rune of Zot
100318 | Slime:5  | Identified the ring "Pats" {+Blink rElec rPois rN++ Stlth+}
100334 | Slime:5  | Identified the +6 arbalest of the Other Side {penet, rElec
                  | rPois rN+}
100933 | Zot:5    | Got the Orb of Zot
100934 | Zot:5    | Noticed Ryef the pandemonium lord
100943 | Zot:5    | Noticed Fucext the pandemonium lord
101101 | Zot:1    | Noticed Xibeok the pandemonium lord
101133 | Depths:4 | Noticed Ugesuq the pandemonium lord
101204 | D:15     | Noticed Fonant the pandemonium lord
101507 | D:7      | Noticed Jikhlosu the pandemonium lord
101755 | D:$      | Escaped with the Orb!

Illustrated notes

Levels and vault maps discovered:
D:1:      saegor_arrival_simple_d, layout_loops_cross
D:2:      layout_basic, minivault_27
D:3:      layout_basic, basic_ecumenical_altar, serial_shops,
          nicolae_shop_industrial_runoff
D:4:      layout_basic, kennysheep_generic_room_12, uniq_menkaure
D:5:      layout_loops_ring, fountainhead, kennysheep_small_circle
D:6:      layout_rooms, nemelex_xobeh_ov_fountains_minmay
D:7:      gammafunk_wand_slinger, layout_cave_pools,
          minmay_temple_entry_statues_fountains, serial_co_window_serial,
          co_window_paths_a, co_window_corner_a, co_window_corner_a,
          co_window_cross_1, co_window_paths_a, co_window_corner_b,
          co_window_corner_b, co_window_corner_ca, co_window_2corner,
          co_window_corner_b, co_window_paths_d, co_window_paths_e,
          minmay_crystal_water
D:8:      layout_basic, minivault_26
D:9:      kennysheep_windowed_halls, layout_cross, david_lair_generic,
          zombieorc2_lemuel, serial_shops, shop, minivault_7
D:10:     layout_loops_ring, serial_shops,
          nicolae_shop_competitors_out_of_business, enter_bailey_5, uniq_maggie
D:11:     regret_index_wax_grids, layout_loops_ring, fedhas_altar_3,
          uniq_erolcha, uniq_nergalle, uniq_maurice
D:12:     layout_long_grid
D:13:     layout_roguey, portal_ice_cave_rime
D:14:     layout_loops_cross, hangedman_vaults_entry_quadrant_bands,
          hangedman_abyss_or_decor_clamps, corexii_leaking_fountain, uniq_nessos
D:15:     grunt_enter_depths_hoard, layout_stronghold, minmay_misc_feat_x
Temple:   compressed_dpeg_triangle_lava_temple
Lair:1:   layout_regular_city, infiniplex_staircase_pool
Lair:2:   layout_chaotic_city, minmay_shoals_entry_lonely_mermaid,
          dummy_snake_entry, lemuel_fruit_fields, grunt_megastairs_5
Lair:3:   layout_cave_pods, hellmonk_ghost_happy_afterlife,
          grunt_forest_small_clearing_treed, uniq_amaemon
Lair:4:   layout_long_grid, slime_entry_1, nicolae_lair_yak_garden
Lair:5:   grunt_lair_end_beastmaster, layout_gridlike, lemuel_fruit_tree,
          grunt_megastairs_3, infiniplex_staircase_pool_2
Shoals:1: layout_shoals
Shoals:2: argonaut_golden_fleece, layout_shoals, uniq_polyphemus
Shoals:3: layout_shoals, argonaut_gorgonesque
Shoals:4: shoals_end_hangedman, layout_shoals, abandoned_shop
Snake:1:  layout_chambers, serial_shops, shop, nicolae_triple_integral,
          minmay_shoptagon, uniq_kirke
Snake:2:  layout_basic, uniq_azrael
Snake:3:  layout_misc_corridors, ebering_ghost_xom, uniq_jorgrun, uniq_louise,
          uniq_aizul
Snake:4:  grunt_snake_rune_spirals, layout_onion, serial_bayou_shore_a,
          uniq_vashnia
Slime:1:  layout_caves
Slime:2:  layout_caves
Slime:3:  layout_caves
Slime:4:  layout_caves
Slime:5:  slime_pit_nicolae_trefoil
Orc:1:    layout_caves
Orc:2:    grunt_orc_tribal_feast, layout_diamond_mine
Vaults:1: nicolae_vaults_theta, nicolae_vaults_little_squares_3,
          hangedman_vaults_cutoff, ontoclasm_vaults_ring_small,
          grunt_vaults_funnel, grunt_vaults_twisty, hangedman_vaults_capsules,
          layout_vaults_omnigrid
Vaults:2: v_pattern_5, ontoclasm_vaults_tryst, nicolae_vaults_puzzle_piece,
          v_misc_9, ontoclasm_vaults_ring_small, dpeg_vaults_monster_row,
          nicolae_vaults_windows_and_doors_thing, v_misc_16,
          vaults_room_hallway, vaults_room_fours,
          ontoclasm_vaults_decontamination, layout_vaults_omnibox
Vaults:3: v_pattern_1, st_hourglassy, minmay_crypt_entry_simple_corners,
          vaults_room_fours, v_alt_pattern_6, grunt_vaults_diagonal,
          vaults_mumra_chevron_long, hangedman_vaults_restitches,
          vaults_mumra_hexcomb, vaults_room_pool,
          nicolae_vaults_mini_display_case, v_misc_17,
          nicolae_vaults_little_squares_5, vaults_dpeg_hooks,
          hangedman_vaults_impose, vaults_room_grid, layout_vaults_ring
Vaults:4: st_star, nicolae_vaults_arrows, nicolae_vaults_stairing_the_circle,
          v_alt_pattern_2, vaults_room_grid, dpeg_vaults_monster_box,
          ontoclasm_vaults_pinch, vaults_mumra_minichess_inversion,
          ontoclasm_vaults_loading_screen, v_alt_pattern_2,
          nicolae_vaults_specimen_jars, ontoclasm_vaults_gateway,
          vaults_room_pools, serial_ice_h, layout_vaults_big_room, serial_shops,
          nicolae_shop_overgrown_old_shop, uniq_jory
Vaults:5: serial_shops
Crypt:1:  layout_basic
Crypt:2:  layout_regular_city, basic_altar, beargit_elvish_explorers
Crypt:3:  due_elkab, layout_chaotic_city, tomb_entry_forgotten_bobbens
Depths:1: layout_gridlike, abyss_entry_crystal,
          nicolae_uskayaw_murder_on_the_dancefloor, hell_entry, serial_curves,
          eino_curves_02, eino_curves_03, kennysheep_four_rooms
Depths:2: kennysheep_treasure_stockpile, layout_basic, hell_entry,
          mu_enter_wizlab_1, rand_demon_pan_entry_3, abyss_entry, serial_shops,
          freezing_bzr, kennysheep_random_hallway, minmay_shop_grove
Depths:3: nicolae_moon_pools, layout_honeycomb, enter_ziggurat_e,
          lemuel_doored_altar, hangedman_abyss_entry_splay, hell_entry,
          dispersion_dpeg, infiniplex_staircase_diamond
Depths:4: grunt_zot_entry_pinwheel, layout_cave_shapes,
          hangedman_abyss_or_decor_stagger, grunt_mini_vestibule,
          minmay_gold_behind_fungi, uniq_frederick
Zot:1:    layout_basic, hangedman_zot_decor_slant, grunt_ministairs_7,
          uniq_josephina, uniq_tiamat
Zot:2:    hellmonk_paralyzer, layout_concentric_octagons,
          hangedman_zot_spectrum, grunt_megastairs_2
Zot:3:    layout_gridlike
Zot:4:    ebering_klown_carousel, layout_gridlike
Zot:5:    layout_gridlike

Skill      XL: |  1  2  3  4  5  6  7  8  9 10 11 12 13 14 15 16 17 18 19 20 21 22 23 24 25 26 27 |
---------------+----------------------------------------------------------------------------------+-----
Transmutations | 1 2 3 4 |  4.2
Earth Magic    | 4 5 6 7 9 10 11 13 14 15 16 17 18 19 20 22 23 25 26 27 | 27.0
Conjurations   | 1 2 3 4 5 7 8 10 11 13 14 15 16 17 18 19 20 21 22 23 25 | 25.7
Spellcasting   | 3 4 5 6 7 9 10 11 12 13 14 15 16 17 18 19 20 22 | 22.1
Fighting       | 1 5 6 8 10 11 13 14 15 16 17 18 19 20 21 22 23 | 23.9
Ice Magic      | 3 7 10 12 14 16 20 24 | 24.0
Shapeshifting  | 3 |  3.9
Translocations | 8 |  8.4
Evocations     | 3 |  3.3
Fire Magic     | 12 | 12.0
Dodging        | |  1.6
Stealth        | |  2.3

Action                     |  1- 3 |  4- 6 |  7- 9 | 10-12 | 13-15 | 16-18 | 19-21 | 22-24 | 25-27 || total
---------------------------+-------+-------+-------+-------+-------+-------+-------+-------+-------++-------
  Melee: Unarmed           |     1 |     2 |     1 |     4 |       |       |       |       |       ||     8
         Staff             |       |       |       |     9 |     8 |    29 |     3 |     1 |    13 ||    63
         Punch             |       |       |       |     1 |       |       |       |       |       ||     1
         Headbutt          |       |       |       |       |       |       |       |       |     3 ||     3
  Throw: Dart              |       |       |       |     1 |       |       |       |       |     5 ||     6
         Throwing net      |       |       |       |       |       |       |       |       |     3 ||     3
   Cast: Sandblast         |    41 |    55 |   162 |   233 |    31 |     2 |     2 |       |       ||   526
         Stone Arrow       |       |       |     4 |   145 |    92 |    22 |     3 |     2 |   121 ||   389
         Iskenderun's Batt |       |       |       |    10 |    16 |    17 |    10 |    13 |    30 ||    96
         Lee's Rapid Decon |       |       |       |     4 |   230 |   160 |   240 |   255 |   734 ||  1623
         Iron Shot         |       |       |       |       |   196 |   491 |   391 |   366 |   430 ||  1874
         Irradiate         |       |       |       |       |    21 |    17 |     5 |     8 |    42 ||    93
         Ozocubu's Refrige |       |       |       |       |       |    13 |    42 |    21 |     4 ||    80
         Shatter           |       |       |       |       |       |       |    27 |    93 |   114 ||   234
         Polar Vortex      |       |       |       |       |       |       |       |       |    14 ||    14
         Leda's Unmaking   |       |       |       |       |       |       |       |       |   264 ||   264
         Fireball          |       |       |       |       |       |       |       |       |    89 ||    89
         Starburst         |       |       |       |       |       |       |       |       |    62 ||    62
         Freezing Cloud    |       |       |       |       |       |       |       |       |    19 ||    19
         Blink             |       |       |       |       |       |       |       |       |     6 ||     6
         Passwall          |       |       |       |       |       |       |       |       |     2 ||     2
  Evoke: Wand              |       |       |     2 |       |       |     5 |       |       |    18 ||    25
    Use: Potion            |       |     3 |     2 |       |     5 |     7 |     6 |    13 |    23 ||    59
         Scroll            |       |     6 |       |    11 |    13 |    10 |     3 |     9 |    19 ||    71
 Armour: Robe              |     3 |    21 |    53 |   130 |    99 |   158 |    83 |   110 |   420 ||  1077
  Dodge: Dodged            |    12 |    13 |    81 |   174 |   134 |   146 |    84 |    95 |   273 ||  1012

Table legend: (Time is in decaauts)
 A = Elapsed time spent in this place.
 B = Non-inter-level travel time spent in this place.
 C = Inter-level travel time spent in this place.
 D = Time resting spent in this place.
 E = Time spent auto-exploring this place.
 F = Levels seen in this place.
 G = Mean time per level.
                   A        B        C        D        E       F      G
               +--------+--------+--------+--------+--------+-----+--------+
         Total | 102151 |  79858 |  22293 |  29496 |  24271 |  62 | 1647.6 |
       Dungeon |  26023 |  22106 |   3917 |   8506 |  10721 |  15 | 1734.9 |
        Temple |     56 |     42 |     14 |      0 |      0 |   1 |   56.0 |
          Lair |   9114 |   7854 |   1260 |   3038 |   3336 |   5 | 1822.8 |
        Shoals |   7648 |   6744 |    904 |   2757 |   2249 |   4 | 1912.0 |
     Snake Pit |   9504 |   7891 |   1613 |   3926 |   1788 |   4 | 2376.0 |
    Slime Pits |   3171 |   2601 |    570 |    654 |    225 |   5 |  634.2 |
  Orcish Mines |   3323 |   2989 |    334 |   1774 |    575 |   2 | 1661.5 |
        Vaults |  12970 |   9070 |   3900 |   3811 |   2432 |   5 | 2594.0 |
         Crypt |   4647 |   2171 |   2476 |    210 |    690 |   3 | 1549.0 |
        Depths |   9549 |   6407 |   3142 |   3047 |   1272 |   4 | 2387.2 |
           Zot |   9617 |   5459 |   4158 |   1018 |    729 |   5 | 1923.4 |
         Abyss |   4912 |   4912 |      0 |     54 |    139 |   7 |  701.7 |
        Bazaar |    123 |    123 |      0 |     36 |      0 |   1 |  123.0 |
        Wizlab |   1487 |   1487 |      0 |    664 |    115 |   1 | 1487.0 |
               +--------+--------+--------+--------+--------+-----+--------+

Top non-repeatable levels by time:
 Abyss:2: 3938 daAuts
Vaults:3: 3376 daAuts
    D:15: 3330 daAuts
    D:14: 2932 daAuts
 Snake:4: 2916 daAuts
 Snake:2: 2790 daAuts
Vaults:2: 2785 daAuts
Vaults:4: 2552 daAuts
Shoals:4: 2551 daAuts
    D:11: 2520 daAuts
Depths:4: 2519 daAuts
Depths:3: 2498 daAuts
Vaults:1: 2488 daAuts
Depths:1: 2418 daAuts
  Lair:5: 2380 daAuts
